Map: 베를린그라드 - 래더

Players

Trap

  • Race: Protoss Protoss

Bunny - Winner!

  • Race: Terran Terran
  • League: Bronze

Event: StayAtHome Story Cup #4

VOD

Have the link to the VOD?

Description

Time

  • Played on: Oct. 22, 2021, 7:39 a.m.
  • Length: 7:52

All games in this series

Show
View Real Time Build Order
Export as new Build Order

Trap Protoss 

Build Orders: Blink Stalkers, Zealot Archon 

Get SALT Encoding   

  12  0:00  Probe  
  13  0:12  Probe  
  14  0:16  Pylon  
  14  0:24  Probe (Chrono Boost)  
  15  0:36  Gateway, Probe (Chrono Boost)  
  16  0:44  Probe (Chrono Boost)  
  16  0:46  Assimilator  
  17  0:50  Probe  
  18  1:03  Probe  
  19  1:15  Probe  
  20  1:24  Cybernetics Core  
  20  1:27  Zealot  
  20  1:29  Pylon, Probe  
  23  1:47  Probe  
  24  1:58  Adept (Chrono Boost)  
  24  1:59  Probe  
  27  2:02  Warp Gate  
  27  2:08  Assimilator  
  27  2:11  Probe  
  28  2:21  Adept (Chrono Boost)  
  29  2:29  Nexus, Probe  
  30  2:36  Pylon  
  30  2:41  Probe  
  31  2:54  Probe  
  31  2:56  Twilight Council  
  30  3:06  Probe  
  31  3:18  Robotics Facility  
  31  3:20  Probe  
  31  3:21  Gateway  
  31  3:24  Blink (Chrono Boost)  
  32  3:32  Probe  
  33  3:44  Probe x2  
  35  3:48  Gateway  
  35  3:50  Stalker  
  37  3:56  Probe  
  37  4:00  Probe  
  39  4:06  Observer  
  39  4:08  Probe  
  41  4:12  Probe  
  41  4:16  Stalker x2  
  46  4:20  Probe  
  47  4:24  Probe  
  47  4:27  Pylon, Observer  
  49  4:32  Probe  
  49  4:36  Probe  
  51  4:45  Nexus  
  51  4:46  Probe  
  51  4:47  Stalker  
  51  4:48  Probe  
  51  4:51  Stalker, Observer  
  57  4:54  Assimilator  
  57  4:56  Assimilator  
  57  4:59  Pylon  
  57  5:01  Probe  
  57  5:03  Probe  
  59  5:07  Charge  
  59  5:13  Probe  
  60  5:15  Probe  
  60  5:17  Stalker  
  60  5:18  Stalker  
  62  5:30  Probe x2 (Chrono Boost)  
  64  5:42  Probe x2 (Chrono Boost)  
  66  5:47  Templar Archives  
  66  5:48  Pylon  
  66  5:50  Probe x2 (Chrono Boost)  
  68  5:59  Gateway  
  68  6:00  Gateway  
  68  6:01  Probe x2 (Chrono Boost)  
  68  6:02  Probe (Chrono Boost)  
  71  6:10  Probe (Chrono Boost)  
  74  6:12  Probe x2 (Chrono Boost)  
  74  6:15  Probe (Chrono Boost)  
  74  6:16  Gateway  
  75  6:19  Sentry x2  
  75  6:21  Probe x2  
  75  6:23  Gateway  
  81  6:25  Observer  
  81  6:27  Gateway, Probe  
  82  6:33  Shield Battery  
  82  6:34  Zealot  
  82  6:36  Shield Battery  
  82  6:39  Immortal (Chrono Boost)  
  88  6:48  Probe  
  88  6:51  Shield Battery  
  91  6:55  High Templar x2  
  91  6:56  Pylon  
  91  6:57  Pylon  
  91  6:59  Archon  
  91  7:01  Pylon  
  93  7:08  Zealot  
  93  7:11  Shield Battery  
  93  7:12  Pylon  
  93  7:16  Pylon, Zealot  
  93  7:17  Pylon, Zealot x3  
  93  7:20  Probe x3  
  102  7:29  Stalker x3  
  96  7:30  Stalker  
  81  7:38  Zealot x3  
  76  7:45  Stalker  
Show
View Real Time Build Order
Export as new Build Order

Bunny Terran - Winner!

Build Orders:  

Get SALT Encoding   

  12  0:00  SCV  
  13  0:12  SCV  
  14  0:17  Supply Depot  
  14  0:24  SCV  
  15  0:38  SCV  
  15  0:40  Barracks  
  16  0:44  Refinery  
  16  0:50  SCV  
  17  1:02  Engineering Bay  
  17  1:03  SCV  
  18  1:15  SCV  
  19  1:27  Orbital Command, Marine  
  20  1:52  Command Center  
  20  1:56  SCV  
  20  1:59  Barracks Reactor  
  21  2:08  SCV  
  22  2:10  Supply Depot  
  22  2:18  Factory  
  22  2:21  SCV  
  23  2:28  Bunker  
  23  2:33  SCV  
  23  2:35  Marine  
  23  2:36  Marine  
  26  2:38  Refinery  
  26  2:45  SCV  
  27  2:55  Marine  
  27  2:56  Marine  
  27  2:57  SCV  
  28  3:09  SCV  
  28  3:15  Widow Mine  
  28  3:19  Orbital Command  
  30  3:22  SCV  
  30  3:24  Marine  
  30  3:26  Marine  
  33  3:33  Starport  
  33  3:34  SCV  
  34  3:39  Widow Mine  
  36  3:45  SCV  
  36  3:46  SCV  
  38  3:50  Supply Depot, Marine  
  38  3:52  Marine  
  40  3:57  SCV  
  40  3:58  SCV  
  40  4:01  Widow Mine  
  44  4:09  Medivac  
  46  4:12  SCV x2  
  46  4:13  Supply Depot  
  46  4:16  Marine x2  
  50  4:23  Widow Mine  
  53  4:24  SCV x2  
  53  4:29  Barracks  
  53  4:30  Barracks  
  54  4:36  SCV x2  
  54  4:38  Supply Depot  
  56  4:40  Starport Tech Lab  
  56  4:41  Marine x2  
  56  4:45  Factory Tech Lab  
  58  4:47  Engineering Bay  
  58  4:49  SCV  
  58  4:52  SCV  
  60  5:02  SCV  
  60  5:04  SCV  
  62  5:07  Refinery, Starport Reactor  
  62  5:09  Marine x2  
  64  5:14  SCV  
  64  5:16  SCV  
  64  5:17  Factory Reactor  
  66  5:21  Terran Infantry Weapons Level 1  
  66  5:22  Supply Depot, Refinery  
  66  5:27  Stimpack, Combat Shield  
  66  5:28  Marine x2, Marauder x2  
  67  5:34  SCV  
  67  5:35  SCV  
  64  5:36  Supply Depot  
  64  5:44  Medivac  
  64  5:46  Medivac  
  64  5:47  Supply Depot, SCV  
  64  5:48  SCV  
  70  5:51  Marauder  
  70  5:54  Marauder, Marine  
  70  5:55  Marine  
  76  5:59  Widow Mine  
  76  6:00  Widow Mine  
  80  6:05  SCV  
  80  6:06  Supply Depot  
  80  6:17  Supply Depot, Medivac x2  
  84  6:20  Marauder  
  84  6:22  Widow Mine  
  88  6:26  Widow Mine  
  88  6:31  Marauder  
  88  6:32  Marine x2  
  94  6:36  SCV x2  
  96  6:41  Supply Depot  
  96  6:45  Concussive Shells  
  96  6:49  Medivac  
  96  6:52  Medivac  
  102  7:01  Marauder x2  
  102  7:02  Marine x2  
  106  7:09  Command Center  
  106  7:14  Widow Mine x2  
  110  7:16  SCV x2  
  110  7:21  Marine x2  
  116  7:23  Marauder x2  
  109  7:40  Armory  
  108  7:45  Barracks  
  108  7:47  Barracks  
Tags
 
Add a new tag
Caveats
  • Supply blocks, unpowered buildings, or Contaminate may cause inaccurate times.
  • Supply counts are checked every 10 seconds.